 Dungeon Crawl Stone Soup version 0.18.1-50-g88ac8fd (webtiles) character file.

84 Nadrilmar the Gusty (level 4, 0/24 HPs)
             Began as a Tengu Air Elementalist on Sept 25, 2016.
             Succumbed to an adder's poison
             ... on level 2 of the Dungeon.
             The game lasted 00:11:56 (1771 turns).

Nadrilmar the Gusty (Tengu Air Elementalist)        Turns: 1771, Time: 00:11:56

Health: 0/24       AC:  3    Str:  8    XL:     4   Next: 46%
Magic:  1/8        EV: 13    Int: 17    God:
Gold:   44         SH:  0    Dex: 14    Spells: 2 memorised, 5 levels left

rFire  . . .     SeeInvis .     (no weapon)
rCold  . . .     Gourm    .     a - +1 robe
rNeg   . . .     Faith    .     (no shield)
rPois  .         Spirit   .     (helmet restricted)
rElec  .         Dismiss  .     (no cloak)
rCorr  .         Reflect  .     (no gloves)
SustAt +         Harm     .     (boots unavailable)
MR     .....                    (no amulet)
Stlth  ++........               e - ring of flight
                                i - ring of sustain attributes

@: lethally poisoned (0 -> -2), repel missiles, not resistant to hostile
enchantments, unstealthy
A: beak, talons 3
a: Evoke Flight


You were on level 2 of the Dungeon.
You were not hungry.

You visited 1 branch of the dungeon, and saw 2 of its levels.

You collected 44 gold pieces.

Inventory:

Hand Weapons
 l - a +0 club
Armour
 a - a +1 robe (worn)
Jewellery
 e - a ring of flight (right hand)
 i - a ring of sustain attributes (left hand)
Scrolls
 d - a scroll of remove curse
 h - 4 scrolls of identify
 k - a scroll of fog {unknown}
Potions
 c - a potion of might {unknown}
 f - a potion of flight
 j - a potion of agility {unknown}
Books
 b - a book of Air

   Spells                             Type                      Level
   a - Shock                          Conjuration/Air              1
   b - Swiftness                      Charms/Air                   2
   c - Repel Missiles                 Charms/Air                   2
   d - Static Discharge               Conjuration/Air              3
   e - Lightning Bolt                 Conjuration/Air              5
Comestibles
 g - 2 slices of pizza


   Skills:
 + Level 0.2 Fighting
 + Level 2.7 Dodging
 + Level 2.0 Stealth
 + Level 0.2 Unarmed Combat
 + Level 2.5 Spellcasting
 + Level 2.4 Conjurations
 + Level 5.3 Air Magic


You had 5 spell levels left.
You knew the following spells:

 Your Spells              Type           Power        Failure   Level  Hunger
a - Shock                 Conj/Air       ###.         3%          1    #......
b - Repel Missiles        Chrm/Air       ##....       12%         2    ##.....


Dungeon Overview and Level Annotations

Branches:
Dungeon (2/15)

Altars:


Innate Abilities, Weirdness & Mutations

You have a beak for a mouth.
You have claws for feet.


Message History

You feel sick. The jackal bites you.
* * * LOW HITPOINT WARNING * * *
Casting: Shock
Confirm with . or Enter, or press ? or * to list all spells.
Aiming: Shock
Press: ? - help, Shift-Dir - straight line, f - jackal
Aim: a jackal The zap misses the jackal.
The jackal bites you.
* * * LOW HITPOINT WARNING * * *
You feel sick. The jackal misses you.
Casting: Shock
Confirm with . or Enter, or press ? or * to list all spells.
You don't have enough magic to cast that spell.
The jackal bites you.
* * * LOW HITPOINT WARNING * * *
The jackal bites you.
* * * LOW HITPOINT WARNING * * *
You die...

####### ############
#.>...# ##..........##
###.....# ##............##
........# #........).....#
.##.....# #..............#
.###.#######..............#
.....##...#...............#
.#..##....................#
.†............h.@........##
.#......[...............##
.........<††....###.#####
>...............# #.#
................# #.#
..........#..#### #.#
....<..........# #.#
..............## ###
..............#


You could see a jackal.

Vanquished Creatures
  2 adders (D:2)
  2 oozes
  2 dart slugs
  2 giant geckos (D:1)
  5 bats (D:1)
  5 giant cockroaches
  7 goblins
  5 hobgoblins
  7 jackals
  2 kobolds (D:1)
  A ball python (D:2)
  2 giant newts (D:1)
  6 rats
48 creatures vanquished.

Notes
Turn   | Place    | Note
--------------------------------------------------------------
     0 | D:1      | Nadrilmar the Tengu Air Elementalist began the quest for the Orb.
     0 | D:1      | Reached XP level 1. HP: 10/10 MP: 4/4
    94 | D:1      | Reached XP level 2. HP: 15/15 MP: 0/6
    98 | D:1      | Learned a level 2 spell: Repel Missiles
   551 | D:1      | Reached XP level 3. HP: 19/19 MP: 5/7
   627 | D:1      | Reached skill level 5 in Air Magic
  1467 | D:2      | Reached XP level 4. HP: 16/24 MP: 0/8
  1770 | D:2      | HP: 1/24 [jackal (1)]
  1771 | D:2      | Succumbed to an adder's poison

Skill      XL: |  1  2  3 |
---------------+----------+-----
Air Magic      | 5 |  5.3
Conjurations   | 2 |  2.4
Fighting       | |  0.2
Dodging        | |  2.7
Stealth        | |  2.0
Unarmed Combat | |  0.2
Spellcasting   | |  2.5

Action                   |  1- 3 |  4- 6 || total
-------------------------+-------+-------++-------
Melee: Unarmed           |    12 |       ||    12
       Peck              |     2 |       ||     2
       Kick              |     1 |       ||     1
 Cast: Shock             |    74 |    25 ||    99
       Repel Missiles    |     1 |       ||     1
  Use: Scroll            |     5 |       ||     5
  Eat: Bread ration      |     1 |       ||     1
Armor: Robe              |     9 |     8 ||    17
Dodge: Dodged            |    30 |    21 ||    51
       Deflected         |     1 |       ||     1
